 Dungeon Crawl Stone Soup version 0.28.0-55-gcd9437bce4 (webtiles) character file.

Game seed: 1839400482632701766

43135 tkbsonic5 the Fighter (level 14, -6/121 HPs)
             Began as a Vine Stalker Fighter on Dec 19, 2022.
             Was a Priest of Fedhas.
             Mangled by Snorg (14 damage)
             ... on level 11 of the Dungeon on Dec 23, 2022.
             The game lasted 01:45:15 (17804 turns).

tkbsonic5 the Fighter (Vine Stalker Fighter)       Turns: 17804, Time: 01:45:15

Health: -6/121     AC: 27    Str: 19    XL:     14   Next: 22%
Magic:  0/25       EV:  2    Int: 14    God:    Fedhas [***...]
Gold:   420        SH:  0    Dex: 33    Spells: 0/27 levels left

rFire   . . .      SeeInvis .   D - +8 whip "Snakebite" {venom, curare, rPois}
rCold   . . .      Faith    +   (no shield)
rNeg    . . .      Spirit   +   (armour currently unavailable)
rPois   +          Reflect  .   (helmet currently unavailable)
rElec   +          Harm     .   (cloak currently unavailable)
rCorr   .          Rampage  .   (gloves currently unavailable)
Will    +....      NoTele   +   (boots currently unavailable)
Stlth   ++++......              f - amulet "Furiatanu" {Faith Fly rElec rPois Dex+4}
HPRegen 1.10/turn               u - +6 ring of intelligence
MPRegen 0.19/turn               k - +6 ring of dexterity

@: tree-form, silenced, wereblooded, studying Fighting
A: stationary, stasis, torment immunity, boosted hp, (fangs 3), regeneration 1,
magic shield, (antimagic bite), no potion heal 2, (iridescent scales 1), thin
skeletal structure 1, agile 1, (deformed body)
a: Renounce Religion


You were on level 11 of the Dungeon.
You worshipped Fedhas.
Fedhas was most pleased with you.
You were a tree.
You visited 2 branches of the dungeon, and saw 17 of its levels.

You collected 997 gold pieces.
You spent 577 gold pieces at shops.

Inventory:

Hand Weapons
 a - a +0 hand crossbow
 l - a +1 halberd of flaming
 B - a +0 shortbow
 D - the +8 whip "Snakebite" (weapon) {venom, curare, rPois}
   (You found it on level 1 of the Lair of Beasts)

   It poisons the flesh of those it strikes.
   It occasionally inflicts asphyxiating poison on those it strikes, dealing
   poison damage and causing slowness.
   rPois:     It protects you from poison.
Missiles
 g - 3 javelins
 j - 2 poisoned darts
 C - 22 bolts
Armour
 d - a +0 pair of gloves (melded)
 e - +0 steam dragon scales
 i - a +0 troll leather armour
 o - +0 steam dragon scales
 r - a +0 pair of boots (melded)
 s - +0 steam dragon scales
 v - a +1 ring mail of poison resistance (melded)
 w - a +0 chain mail
 z - +1 steam dragon scales
 A - a +0 cloak (melded)
 F - a +0 scale mail
 G - the +1 ring mail of Xom's Benevolence {+Inv Int+10}
   (You bought it in a shop on level 6 of the Dungeon)

   Int:       It affects your intelligence (+10).
   +Inv:      It lets you turn invisible.
 H - a +2 tower shield of protection
Magical Staves
 M - a staff of air
Jewellery
 f - the amulet "Furiatanu" (around neck) {Faith Fly rElec rPois Dex+4}
   (You found it on level 2 of the Lair of Beasts)

   [amulet of faith]

   It allows you to gain divine favour quickly.
   Dex:       It affects your dexterity (+4).
   rElec:     It insulates you from electricity.
   rPois:     It protects you from poison.
   Fly:       It grants you flight.
 k - a +6 ring of dexterity (right branch)
 m - a ring of flight
 n - a ring of see invisible
 p - a ring of magical power
 u - a +6 ring of intelligence (left branch)
 y - an amulet of regeneration
 L - a ring of positive energy
Wands
 J - a wand of digging (6)
 K - a wand of mindburst (9)
Scrolls
 b - 2 scrolls of magic mapping
 c - 3 scrolls of identify
 h - 2 scrolls of teleportation
Potions
 q - 5 potions of heal wounds
 t - 4 potions of curing
Miscellaneous
 E - a tin of tremorstones (inert)


   Skills:
 * Level 12.3 Fighting
 - Level 8.3 Short Blades
 * Level 3.9 Maces & Flails
 - Level 2.8 Polearms
 - Level 2.9 Throwing
 - Level 6.0 Armour
 * Level 6.5 Dodging
 + Level 4.4 Stealth
 - Level 2.9 Shields
 - Level 1.3 Unarmed Combat
 * Level 7.2 Spellcasting
 * Level 5.8 Conjurations
 * Level 2.3 Hexes
 + Level 3.6 Necromancy
 * Level 1.1 Translocations
 + Level 6.1 Transmutations
 * Level 5.8 Fire Magic
 + Level 1.4 Air Magic
 + Level 4.4 Poison Magic
 * Level 6.7 Invocations
 + Level 2.1 Evocations


You couldn't memorise any spells.
You knew the following spells:

 Your Spells              Type           Power      Damage    Failure   Level
a - Wereblood             Tmut           22%        N/A       1%          2
b - Sticky Flame          Conj/Fire      21%        2d4       12%         4
c - Agony                 Necr           15%        N/A       65%         5
d - Spider Form           Tmut/Pois      19%        N/A       4%          3
e - Ignite Poison         Fire/Tmut/Pois 20%        N/A       4%          3
f - Dazzling Flash        Conj/Hex       32%        N/A       8%          3
g - Poisonous Vapours     Pois/Air       26%        N/A       6%          2
h - Blink                 Tloc           16%        N/A       13%         2
i - Conjure Flame         Conj/Fire      21%        6-21      3%          3

Your spell library contained the following spells:

 Spells                   Type           Power      Damage    Failure   Level
 Beastly Appendage        Tmut           44%        N/A       1%          1
 Corpse Rot               Necr/Air       24%        N/A       8%          2
 Silence                  Hex/Air        5%         N/A       87%         5
 Manifold Assault         Tloc           8%         N/A       94%         5
 Storm Form               Tmut/Air       7%         N/A       100%        7


Dungeon Overview and Level Annotations

Branches:
Dungeon (11/15)            Temple (0/1) D:7            Lair (6/6) D:8
 Shoals (0/4) Lair:3        Snake (0/4) Lair:2        Slime (0/5) Lair:6
    Orc: D:9-12

Altars:
Ashenzari
Dithmenos
Fedhas
Gozag
Nemelex Xobeh
Okawaru
Qazlal
Ru
Trog
Uskayaw
Xom
Yredelemnul
Zin
The Shining One
Beogh

Shops:
D:6 [   D:8 (

Annotations:
D:10 3 runed translucent doors, Valamore's ghost, journeyman OpCj
D:11 Snorg


Innate Abilities, Weirdness & Mutations

You are a tree.
Your roots penetrate the ground, keeping you stationary.
You cannot be teleported.
You are immune to unholy pain and torment.
Your maximum health is greatly increased.
Your equipment is partially melded.
((You have razor-sharp teeth.))
Your natural rate of healing is unusually fast.
When hurt, damage is shared between your health and your magic reserves.
((Your bite disrupts and absorbs the magic of your enemies.))
Potions cannot restore your health.
((You are partially covered in iridescent scales. (AC +2)))
You have a somewhat thin skeletal structure. (Dex +2, Stealth+)
You are agile. (Dex +2)
((Armour fits poorly on your strangely shaped body.))


Message History

Your roots penetrate the ground.
Snorg bites you but does no damage. Snorg claws you but does no damage. x2
Your magical contamination has completely faded away.
You whack Snorg!
Snorg looks as sick as possible! x2; Snorg convulses.
Snorg seems to be slow for longer.
Snorg is heavily wounded.
Snorg bites you but does no damage. Snorg claws you but does no damage. x2
You whack Snorg!
Snorg looks as sick as possible! x2; Snorg convulses.
Snorg seems to be slow for longer.
Snorg is heavily wounded.
Snorg bites you but does no damage. Snorg claws you!
* * * LOW HITPOINT WARNING * * *
Snorg claws you.
* * * LOW HITPOINT WARNING * * *
Aiming: Mindburst
Press: ? - help, Shift-Dir - straight line, f/p - Snorg
Aim: Snorg (heavily wounded, berserk, extremely poisoned, slow, chance to affect: 39%) Snorg's mind is blasted!
Snorg bites you!!
* * * LOW HITPOINT WARNING * * *
Snorg claws you but does no damage. x2
Unknown command.
Okay, then.
As you read the scroll of silence, it crumbles to dust.
A profound silence engulfs you. Snorg bites you but does no damage.
Snorg claws you!
* * * LOW HITPOINT WARNING * * *
Snorg claws you but does no damage.
You barely miss Snorg.
Snorg is severely wounded.
You creak as the wereblood boils in your veins!
Snorg bites you but does no damage. Snorg claws you but does no damage. x2
You whack Snorg!
Snorg looks as sick as possible!
Snorg convulses.
Snorg seems to be slow for longer.
Snorg is almost dead.
You whack Snorg!
Snorg looks as sick as possible! x2; Snorg convulses.
Snorg seems to be slow for longer.
Snorg is almost dead.
Snorg bites you but does no damage. Snorg claws you!
You die...
Fedhas appreciates your contribution to the ecosystem.

##.#.....###........)..#
...#...####..#.).......#
##....####..##.######.##
##....##>......#####..#
.####.##.#..#..##....##
..###.#....#...##....#
≈............_.......#
..#...######...##....#
.###..# #####♣....# ##
..# #####T....# # ...
#...)..#### ##..#
#.##.### ....# #..#
....# #..## ...## ....#
...... .......
...##.....$....Y


You could see Snorg (berserk, unsilenced, extremely poisoned, slow).

Vanquished Creatures
  A dire elephant (Lair:5)
  Josephine (D:10)
  A fire dragon (Lair:6)
  3 hydras
  3 death yaks (Lair:5)
  6 two-headed ogres
  A fire crab (Lair:6)
  Pikel (D:3)
  6 black mambas
  6 elephants
  2 centaur zombies (D:10)
  A gargoyle (D:11)
  A torpor snail (Lair:1)
  2 molten gargoyles (Lair:6)
  Maggie (D:10)
  8 cane toads
  11 komodo dragons
  A hornet (D:7)
  2 polar bears
  2 trolls
  4 dream sheep (Lair:4)
  4 blink frogs (Lair:2)
  A snapping turtle (Lair:3)
  A vampire (D:11)
  3 wraiths
  A shadow (D:9)
  49 yaks
  5 basilisks
  7 wyverns
  4 steam dragons
  Grum (D:8)
  3 nagas (Lair:2)
  2 acid dragons
  22 water moccasins
  3 hell hounds (Lair:6)
  A necrophage (D:5)
  A hornet zombie (D:7)
  3 ogres
  A sky beast (D:7)
  A black bear (Lair:2)
  3 orc warriors
  6 wolves
  9 centaurs
  3 lemures
  A phantom (D:4)
  3 kobold brigands
  6 bullfrogs
  4 scorpions
  2 water moccasin skeletons
  5 killer bees
  2 electric eels
  4 wights (D:9)
  A howler monkey (D:8)
  A bullfrog zombie (D:7)
  5 lava snakes (Lair:6)
  4 hounds
  6 orc priests
  A scorpion zombie (D:5)
  6 hell rats
  An iguana (D:5)
  3 orc wizards
  A killer bee zombie (D:6)
  2 hound skeletons
  2 howler monkey zombies
  15 adders
  2 white imps
  2 ufetubi
  An adder zombie (D:4)
  A worm (D:2)
  4 dart slugs
  7 orcs
  5 ball pythons
  3 bats
  3 endoplasms
  5 giant cockroaches
  8 goblins
  11 hobgoblins
  4 jackals
  8 kobolds
  4 quokkas
  3 frilled lizards
  2 rats (D:1)
346 creatures vanquished.

Vanquished Creatures (collateral kills)
  A black mamba (Lair:5)
  A polar bear (Lair:5)
  5 yaks
  2 black bears (Lair:2)
  An orc wizard (D:9)
  5 hell rats (Lair:5)
  36 ballistomycete spores
51 creatures vanquished.

Vanquished Creatures (others)
  A kobold brigand (D:10)
  A killer bee (D:10)
  5 kobolds
  3 bushes (Lair:5)
  26 fungi
  69 plants
105 creatures vanquished.

Grand Total: 502 creatures vanquished

Notes
Turn   | Place    | Note
-------+----------+-------------------------------------------
     0 | D:1      | tkbsonic5 the Vine Stalker Fighter began the quest for the
                  | Orb.
     0 | D:1      | Reached XP level 1. HP: 11/11 MP: 2/2
   116 | D:1      | Reached XP level 2. HP: 15/16 MP: 3/3
   356 | D:1      | Reached skill level 3 in Fighting
   791 | D:1      | Reached XP level 3. HP: 16/20 MP: 4/4
  1204 | D:2      | Noticed an ogre
  1211 | D:2      | Killed an ogre
  1212 | D:2      | Reached skill level 1 in Dodging
  1212 | D:2      | Gained mutation: Your natural rate of healing is unusually
                  | fast. [Vine Stalker growth]
  1212 | D:2      | Reached XP level 4. HP: 14/25 MP: 2/5
  1212 | D:2      | Reached XP level 5. HP: 15/28 MP: 2/6
  1945 | D:3      | Found a faded altar of an unknown god.
  1997 | D:3      | Found a stormy altar of Qazlal.
  1999 | D:3      | Found a blossoming altar of Fedhas.
  2154 | D:3      | Found a sacrificial altar of Ru.
  2614 | D:3      | Became a worshipper of Fedhas Madash
  2659 | D:4      | Reached skill level 4 in Fighting
  2665 | D:4      | Reached XP level 6. HP: 33/33 MP: 7/7
  2867 | D:4      | Noticed Pikel
  2945 | D:3      | Killed Pikel
  2946 | D:3      | Reached skill level 5 in Fighting
  2946 | D:3      | Reached XP level 7. HP: 25/39 MP: 8/8
  3021 | D:4      | Gained mutation: You have razor-sharp teeth. [Vine Stalker
                  | growth]
  3021 | D:4      | Reached XP level 8. HP: 22/43 MP: 9/9
  3094 | D:4      | Found a hide-covered altar of Uskayaw.
  3130 | D:4      | Reached * piety under Fedhas
  3208 | D:4      | Reached skill level 5 in Short Blades
  3358 | D:5      | Entered Level 5 of the Dungeon
  3482 | D:5      | Found a glowing silver altar of Zin.
  3483 | D:5      | Noticed an angel
  3625 | D:5      | Reached skill level 6 in Fighting
  3784 | D:5      | Found a shadowy altar of Dithmenos.
  4025 | D:5      | Reached skill level 7 in Fighting
  4075 | D:5      | Reached XP level 9. HP: 50/50 MP: 10/10
  4511 | D:6      | Reached skill level 8 in Fighting
  4535 | D:6      | Found Kyis Ose's Antique Armour Shoppe.
  4543 | D:6      | Bought a runed ring mail for 147 gold pieces
  4697 | D:6      | You are sucked into a shaft and drop 3 floors!
  4717 | D:9      | Noticed a two-headed ogre
  4761 | D:9      | Found a basalt altar of Yredelemnul.
  4990 | D:8      | Found Tupareoz's Antique Weapon Emporium.
  5001 | D:8      | Reached ** piety under Fedhas
  5025 | D:8      | Noticed a troll
  5053 | D:8      | Killed a troll
  5510 | D:7      | Found a staircase to the Ecumenical Temple.
  5655 | D:7      | Reached skill level 5 in Armour
  6038 | D:7      | Noticed a hornet
  6050 | D:7      | Killed a hornet
  6051 | D:7      | Reached skill level 9 in Fighting
  6051 | D:7      | Reached skill level 5 in Dodging
  6051 | D:7      | Reached skill level 1 in Invocations
  6051 | D:7      | Reached XP level 10. HP: 49/58 MP: 10/12
  6420 | D:8      | Learned a level 2 spell: Wereblood
  6548 | D:8      | Found a staircase to the Lair.
  6587 | D:8      | Noticed Grum
  6617 | D:8      | Killed Grum
  6618 | D:8      | Reached skill level 1 in Spellcasting
  6618 | D:8      | Reached skill level 1 in Transmutations
  6814 | D:8      | Found a bloodstained altar of Trog.
  6969 | D:9      | Reached skill level 1 in Stealth
  6991 | D:9      | Reached skill level 1 in Throwing
  6992 | D:9      | Gained mutation: You are agile. (Dex +2) [potion of
                  | mutation]
  6992 | D:9      | Gained mutation: Armour fits poorly on your strangely
                  | shaped body. [potion of mutation]
  6992 | D:9      | Gained mutation: You have a somewhat thin skeletal
                  | structure. (Dex +2, Stealth+) [potion of mutation]
  6992 | D:9      | Gained mutation: You are partially covered in iridescent
                  | scales. (AC +2) [potion of mutation]
  7068 | D:9      | Reached skill level 10 in Fighting
  7085 | D:9      | Found an iron altar of Okawaru.
  7088 | D:9      | Found a sparkling altar of Nemelex Xobeh.
  7091 | D:9      | Found a glowing golden altar of the Shining One.
  7094 | D:9      | Found a broken altar of Ashenzari.
  7159 | D:9      | Killed a two-headed ogre
  7234 | D:9      | Reached XP level 11. HP: 57/63 MP: 13/15
  7648 | D:10     | Entered Level 10 of the Dungeon
  7767 | D:10     | Learned a level 4 spell: Sticky Flame
  7773 | D:10     | Learned a level 5 spell: Agony
  7777 | D:10     | Learned a level 3 spell: Spider Form
  7957 | D:10     | Noticed a two-headed ogre
  7976 | D:10     | Killed a two-headed ogre
  8019 | D:10     | Noticed a two-headed ogre
  8020 | D:10     | Noticed Maggie
  8038 | D:10     | Found a runed translucent gate.
  8038 | D:10     | Found a runed translucent gate.
  8039 | D:10     | Found a runed translucent gate.
  8236 | D:10     | Noticed a two-headed ogre
  8246 | D:10     | Killed a two-headed ogre
  8278 | D:10     | Killed Maggie
  8301 | D:10     | Noticed a two-headed ogre
  8310 | D:10     | Noticed Josephine
  8330 | D:10     | Killed a two-headed ogre
  8441 | D:9      | Reached skill level 1 in Conjurations
  8516 | D:10     | Found a shimmering altar of Xom.
  8612 | D:10     | Killed Josephine
  8613 | D:10     | Reached skill level 1 in Necromancy
  8613 | D:10     | Reached skill level 1 in Fire Magic
  8613 | D:10     | Reached skill level 1 in Poison Magic
  8634 | D:10     | Reached skill level 1 in Polearms
  8672 | D:10     | HP: 2/64 [two-headed ogre/+0 great mace (20)]
  8762 | D:10     | Identified the +2 plate armour of Joy {MP+9 Stlth+}
  8764 | D:10     | Noticed Valamore's ghost (journeyman OpCj)
  8827 | D:10     | Killed a two-headed ogre
  9029 | Lair:1   | Entered Level 1 of the Lair of Beasts
  9063 | Lair:1   | HP: 4/96 [polar bear (9)]
  9248 | D:8      | Reached XP level 12. HP: 42/69 MP: 14/19
  9355 | Lair:1   | Reached skill level 5 in Invocations
  9591 | Lair:1   | Noticed a five-headed hydra
  9610 | Lair:1   | Killed a one-headed hydra
  9611 | Lair:1   | Reached skill level 11 in Fighting
 10069 | Lair:1   | Reached *** piety under Fedhas
 10092 | Lair:1   | Reached skill level 1 in Evocations
 10798 | Lair:1   | Found the +8 whip "Snakebite" {venom, curare, rPois}
 10864 | Lair:2   | Reached skill level 5 in Spellcasting
 10876 | Lair:2   | Reached skill level 5 in Transmutations
 10915 | Lair:2   | Found a staircase to the Snake Pit.
 11015 | Lair:2   | Found the +8 demon blade "Leech" {vamp, Harm Drain rN+}
 11027 | Lair:2   | Reached **** piety under Fedhas
 11223 | Lair:2   | Identified the amulet "Furiatanu" {Faith Fly rElec rPois
                  | Dex+4}
 11406 | Lair:2   | Reached skill level 1 in Maces & Flails
 11439 | Lair:2   | Reached XP level 13. HP: 70/74 MP: 18/22
 12137 | Lair:3   | Learned a level 3 spell: Ignite Poison
 12141 | Lair:3   | Learned a level 3 spell: Dazzling Flash
 12144 | Lair:3   | Learned a level 2 spell: Poisonous Vapours
 12648 | Lair:3   | Found a staircase to the Shoals.
 13271 | Lair:4   | Found a gate leading to a gauntlet.
 13690 | Lair:4   | Reached skill level 5 in Fire Magic
 13704 | Lair:4   | Reached skill level 5 in Conjurations
 14470 | Lair:5   | Noticed a dire elephant
 14501 | Lair:5   | Killed a dire elephant
 14664 | Lair:5   | Reached skill level 12 in Fighting
 14673 | Lair:5   | Reached skill level 1 in Hexes
 15432 | Lair:6   | Entered Level 6 of the Lair of Beasts
 15533 | Lair:6   | Identified the +1 leather armour of Fagamu {rCorr Int+2
                  | Stlth-}
 15722 | Lair:6   | Reached skill level 1 in Air Magic
 15743 | Lair:6   | Reached skill level 1 in Unarmed Combat
 15844 | Lair:6   | Found a staircase to the Slime Pits.
 16253 | Lair:6   | Noticed a fire dragon
 16258 | Lair:6   | Found a large runed translucent door.
 16258 | Lair:6   | Found a large runed translucent door.
 16295 | Lair:6   | Reached XP level 14. HP: 62/80 MP: 15/25
 17225 | D:6      | Bought a scale mail for 84 gold pieces
 17225 | D:6      | Bought a translucent ring mail for 189 gold pieces
 17225 | D:6      | Identified the +1 ring mail of Xom's Benevolence {+Inv
                  | Int+10} (You bought it in a shop on level 6 of the Dungeon)
 17225 | D:6      | Bought a runed tower shield for 157 gold pieces
 17228 | D:6      | Learned a level 2 spell: Blink
 17232 | D:6      | Learned a level 3 spell: Conjure Flame
 17712 | D:11     | Found an opulent altar of Gozag.
 17786 | D:11     | Noticed Snorg
 17793 | D:11     | Reached skill level 1 in Translocations
 17801 | D:11     | HP: 5/121 [Snorg (13)]
 17804 | D:11     | Mangled by Snorg

Illustrated notes

Levels and vault maps discovered:
D:1:      dpeg_arrival_tiny_h, layout_loops_ring, minmay_box_of_dots
D:2:      layout_rooms
D:3:      layout_basic, grunt_temple_overflow_forces_of_nature,
          general_overflow_altar, dreamdust_ecumenical_altar_hidden_monk_grotto
D:4:      layout_rooms, lemuel_tele_altar, serial_curves, eino_curves_02,
          eino_curves_03, minmay_manual_maat, uniq_pikel
D:5:      layout_loops_ring, zin_angel,
          nicolae_dithmenos_through_a_glass_darkly, minmay_between
D:6:      layout_loops_ring, serial_shops, nicolae_shop_waterfront
D:7:      layout_loops_corners, minmay_temple_entry_mini_moons,
          david_defended_altar_orc
D:8:      layout_basic, mainiacjoe_overflow_alcove_1, serial_shops,
          nicolae_shop_temple_entry_statues_fountains, uniq_grum
D:9:      kennysheep_blocky_hall, layout_basic, mainiacjoe_overflow_24_doors,
          grunt_temple_overflow_cloverleaf, serial_curves, eino_curves_02,
          eino_curves_03
D:10:     layout_rooms, xom_confusion_cloud, biasface_ghost_orc_armoury,
          uniq_maggie, uniq_josephine
D:11:     layout_rooms, amcnicky_mini_pool_small, nicolae_gozag_seed_capital,
          uniq_snorg
Lair:1:   minmay_guarded_unrand_snakebite, layout_long_grid, grunt_megastairs_1
Lair:2:   minmay_lair_oklob_tunnel, layout_long_grid,
          guppyfry_snake_entry_garden, dreamdust_deal_with_the_devil,
          gammafunk_lair_bear_cave
Lair:3:   layout_regular_city, minmay_shoals_entry_hut,
          infiniplex_staircase_pool_2
Lair:4:   layout_roguey, gauntlet_entry_generic, lemuel_fruit_fields
Lair:5:   layout_gridlike, nicolae_lair_grazing_beasts
          [nicolae_sub_lair_graze_edge, nicolae_sub_lair_graze_edge,
          nicolae_sub_lair_graze_edge, nicolae_sub_lair_graze_edge]
Lair:6:   cheibrodos_lair_end_hotspot, layout_regular_city, slime_dummy

Skill      XL: |  1  2  3  4  5  6  7  8  9 10 11 12 13 14 |
---------------+-------------------------------------------+-----
Short Blades   | 2 3 4 6 7 8 |  8.3
Fighting       | 3 4 5 7 9 10 11 12 | 12.3
Dodging        | 1 2 3 5 6 |  6.5
Armour         | 3 4 5 6 |  6.0
Invocations    | 1 3 4 5 6 |  6.7
Spellcasting   | 2 4 5 7 |  7.2
Transmutations | 2 4 5 6 |  6.1
Stealth        | 1 3 4 |  4.4
Throwing       | 1 2 |  2.9
Conjurations   | 1 3 5 |  5.8
Necromancy     | 1 3 |  3.6
Fire Magic     | 1 3 5 |  5.8
Poison Magic   | 1 4 |  4.4
Polearms       | 1 2 |  2.8
Evocations     | 2 |  2.1
Maces & Flails | 1 3 |  3.9
Hexes          | 1 2 |  2.3
Air Magic      | 1 |  1.4
Unarmed Combat | 1 |  1.3
Translocations | 1 |  1.1
Shields        | |  2.9

Action                   |  1- 3 |  4- 6 |  7- 9 | 10-12 | 13-15 || total
-------------------------+-------+-------+-------+-------+-------++-------
Melee: Rapier            |    74 |   112 |       |       |       ||   186
       Bite              |    14 |    41 |   110 |   263 |   118 ||   546
       Dagger            |       |    41 |   254 |   296 |       ||   591
       Halberd           |       |       |       |   220 |       ||   220
       Unarmed           |       |       |       |    64 |    31 ||    95
       Whip              |       |       |       |    93 |   263 ||   356
       Demon blade       |       |       |       |     3 |       ||     3
       Punch             |       |       |       |     1 |     4 ||     5
Throw: Boomerang         |       |       |     2 |     7 |       ||     9
       Dart              |       |       |       |     5 |       ||     5
       Javelin           |       |       |       |     7 |     4 ||    11
       Throwing net      |       |       |       |     2 |       ||     2
 Cast: Wereblood         |       |       |       |    19 |     7 ||    26
       Spider Form       |       |       |       |     6 |     4 ||    10
       Poisonous Vapours |       |       |       |       |    91 ||    91
       Ignite Poison     |       |       |       |       |    10 ||    10
       Sticky Flame      |       |       |       |       |    10 ||    10
       Dazzling Flash    |       |       |       |       |     5 ||     5
       Conjure Flame     |       |       |       |       |     1 ||     1
Invok: Wall of Briars    |       |       |     1 |    12 |     8 ||    21
       Grow Ballistomyce |       |       |       |     1 |    15 ||    16
       Overgrow          |       |       |       |       |     2 ||     2
 Abil: End Transformatio |       |       |       |       |     1 ||     1
Evoke: Wand              |       |       |       |    15 |    16 ||    31
       Tin of tremorston |       |       |       |       |     2 ||     2
  Use: Potion            |     1 |     6 |     5 |    11 |     3 ||    26
       Scroll            |       |     4 |     9 |     8 |     7 ||    28
 Stab: Distracted        |       |       |       |     2 |     1 ||     3
       Sleeping          |       |       |       |     6 |     3 ||     9
       Held in net/web   |       |       |       |     1 |       ||     1
       Betrayed ally     |       |       |       |     1 |       ||     1
       Confused          |       |       |       |       |     4 ||     4
Armor: Scale mail        |    28 |    61 |    44 |       |       ||   133
       Ring mail         |       |       |    27 |   164 |    62 ||   253
       Skin              |       |       |       |    31 |    17 ||    48
Dodge: Dodged            |    28 |    65 |   139 |   518 |   293 ||  1043
Block: Buckler           |    22 |    30 |    56 |    64 |       ||   172
